EL
COLORADO (EL) ROCKIES @ MOBILE BAYBEARS
09/04/2049
 
TOP OF THE 1ST
Colorado (EL) Rockies batting - Pitching for Mobile BayBears : LHP Antoine Champagne
Pitching: LHP Antoine Champagne
Batting: SHB Bobby Santor 0-0: Called Strike
0-1: Foul Ball, location: 2F
0-2: Ball
1-2: Strikes out swinging
Batting: SHB Jamie Mims 0-0: Ball
1-0: Ground out 4-3 (Groundball, P, EV 85.6 MPH)
Batting: RHB Ryan Rinaldi 0-0: Called Strike
0-1: Ball
1-1: Ground out 6-3 (Groundball, 6, EV 85.6 MPH)
Top of the 1st over - 0 runs, 0 hits, 0 errors, 0 left on base; Colorado (EL) 0 - Mobile 0
BOTTOM OF THE 1ST
Mobile BayBears batting - Pitching for Colorado (EL) Rockies : LHP Jason Peck
Pitching: LHP Jason Peck
Batting: RHB Francisco Gutierrez 0-0: Called Strike
0-1: Ball
1-1: Swinging Strike
1-2: Ball
2-2: Ball
3-2: Foul Ball, location: 2F
3-2: Strikes out looking
Batting: LHB Yao-pang Tien 0-0: Fly out, F8 (Flyball, 8RD, EV 94.4 MPH)
Batting: RHB Seth Tramontano 0-0: Ground out 6-3 (Groundball, 6S, EV 83.8 MPH)
Bottom of the 1st over - 0 runs, 0 hits, 0 errors, 0 left on base; Colorado (EL) 0 - Mobile 0
TOP OF THE 2ND
Colorado (EL) Rockies batting - Pitching for Mobile BayBears : LHP Antoine Champagne
Batting: RHB Maurice Moore 0-0: Fly out, F9 (Flyball, 9LM, EV 88.1 MPH)
Batting: LHB Paul McClintock 0-0: Called Strike
0-1: Ball
1-1: Foul Ball, location: 2F
1-2: Ball
2-2: Fly out, F9 (Flyball, BS7, EV 98.8 MPH)
Batting: RHB John Corfield 0-0: Ball
1-0: Swinging Strike
1-1: Ground out 4-3 (Groundball, 4, EV 93.1 MPH)
Top of the 2nd over - 0 runs, 0 hits, 0 errors, 0 left on base; Colorado (EL) 0 - Mobile 0
BOTTOM OF THE 2ND
Mobile BayBears batting - Pitching for Colorado (EL) Rockies : LHP Jason Peck
Batting: SHB Ken Welch 0-0: SINGLE (Line Drive, 9S, EV 93.1 MPH)
Batting: SHB Rich Muniz 0-0: Ball
1-0: Grounds into double play, 1-4-3 (Groundball, P, EV 68.8 MPH)
Batting: RHB Dave Glenn 0-0: Ball
1-0: Called Strike
1-1: SINGLE (Groundball, 56, EV 106.9 MPH) (infield hit)
Batting: SHB Reagan Dudley 0-0: Ball
1-0: Called Strike
1-1: DOUBLE (Line Drive, 78D, EV 101.9 MPH)
Dave Glenn to third
Runner from 3rd tries for Home, SAFE, no throw by LF
Batting: RHB Sean Tanner 0-0: Ball
Passed Ball!
Reagan Dudley to third
1-0: Swinging Strike
1-1: Ball
2-1: Foul Ball, location: 2F
2-2: Foul Ball, location: 2F
2-2: Foul Ball, location: 2F
2-2: Ball
3-2: Ground out 5-3 (Groundball, 5, EV 78.1 MPH)
Bottom of the 2nd over - 1 run, 3 hits, 0 errors, 1 left on base; Colorado (EL) 0 - Mobile 1
TOP OF THE 3RD
Colorado (EL) Rockies batting - Pitching for Mobile BayBears : LHP Antoine Champagne
Batting: RHB Bobby Bowman 0-0: Ball
1-0: Called Strike
1-1: Ball
2-1: Ball
3-1: Foul Ball, location: 2F
3-2: Foul Ball, location: 2F
3-2: Ground out 4-3 (Groundball, 4M, EV 108.8 MPH)
Batting: SHB Craig Ruzic 0-0: Ball
1-0: Ball
2-0: Ground out U3 (Groundball, 34, EV 85.6 MPH)
Batting: LHB Jerry Santana 0-0: Ball
1-0: Foul Ball, location: 2F
1-1: SINGLE (Line Drive, 34D, EV 95.6 MPH)
Batting: SHB Bobby Santor 0-0: Ball
1-0: Ball
Jerry Santana is caught stealing 2nd base 2-4
Top of the 3rd over - 0 runs, 1 hit, 0 errors, 0 left on base; Colorado (EL) 0 - Mobile 1
BOTTOM OF THE 3RD
Mobile BayBears batting - Pitching for Colorado (EL) Rockies : LHP Jason Peck
Batting: RHB Carlos Ballesteros 0-0: Swinging Strike
0-1: Called Strike
0-2: Foul Ball, location: 2F
0-2: Foul Ball, location: 2F
0-2: Ground out 6-3 (Groundball, 6, EV 85.0 MPH)
Batting: RHB Francisco Gutierrez 0-0: Called Strike
0-1: Swinging Strike
0-2: Foul Ball, location: 2F
0-2: Ball
1-2: Ground out 5-3 (Groundball, 56S, EV 66.9 MPH)
Batting: LHB Yao-pang Tien 0-0: Ball
1-0: Swinging Strike
1-1: Foul Ball, location: 2F
1-2: Foul Ball, location: 2F
1-2: Foul Ball, location: 2F
1-2: Foul Ball, location: 2F
1-2: Ball
2-2: Ball
3-2: Ground out 4-3 (Groundball, 4, EV 96.9 MPH)
Bottom of the 3rd over - 0 runs, 0 hits, 0 errors, 0 left on base; Colorado (EL) 0 - Mobile 1
TOP OF THE 4TH
Colorado (EL) Rockies batting - Pitching for Mobile BayBears : LHP Antoine Champagne
Batting: SHB Bobby Santor 0-0: Fly out, F8 (Flyball, 89M, EV 75.0 MPH)
Batting: SHB Jamie Mims 0-0: Ball
1-0: Swinging Strike
1-1: Ball
2-1: Foul Ball, location: 2F
2-2: Strikes out swinging
Batting: RHB Ryan Rinaldi 0-0: Swinging Strike
0-1: Foul Ball, location: 2F
0-2: Ball
1-2: Ground out U3 (Groundball, 34, EV 100.6 MPH)
Top of the 4th over - 0 runs, 0 hits, 0 errors, 0 left on base; Colorado (EL) 0 - Mobile 1
BOTTOM OF THE 4TH
Mobile BayBears batting - Pitching for Colorado (EL) Rockies : LHP Jason Peck
Batting: RHB Seth Tramontano 0-0: Ball
1-0: Ball
2-0: Called Strike
2-1: Ball
3-1: Base on Balls
Batting: SHB Ken Welch 0-0: Called Strike
Seth Tramontano steals 2nd base
0-1: Ball
1-1: Called Strike
1-2: Foul Ball, location: 2F
1-2: Ball
2-2: Foul Ball, location: 2F
2-2: Foul Ball, location: 2F
2-2: Ball
3-2: Base on Balls
Batting: SHB Rich Muniz 0-0: 3-RUN HOME RUN (Flyball, 7D, EV 103.8 MPH), Distance : 388 ft
Batting: RHB Dave Glenn 0-0: Ball
1-0: Ball
2-0: Ball
3-0: Base on Balls
Batting: SHB Reagan Dudley 0-0: Foul Ball, location: 2F
0-1: Foul Ball, location: 2F
0-2: Ball
1-2: Ball
2-2: Fly out, F8 (Flyball, 8RM, EV 79.4 MPH)
Batting: RHB Sean Tanner 0-0: Ball
1-0: Ball
2-0: Ball
3-0: Base on Balls
Dave Glenn to second
Batting: RHB Carlos Ballesteros 0-0: Ball
1-0: Ball
2-0: Ball
3-0: Base on Balls
Dave Glenn to third
Sean Tanner to second
Batting: RHB Francisco Gutierrez 0-0: Ball
1-0: TRIPLE (Flyball, 89XD, EV 96.2 MPH)
Dave Glenn scores
Sean Tanner scores
Carlos Ballesteros scores
Pitching: LHP Jared Lummus
Batting: LHB Yao-pang Tien 0-0: Called Strike
0-1: Foul Ball, location: 2F
0-2: Ball
1-2: Ball
2-2: Ball
3-2: Fly out, F9 (Flyball, 89M, EV 88.1 MPH)
Runner from 3rd tags up, SCORES, throw by RF
Now in RF: Daniel Green
Batting: RHB Seth Tramontano 0-0: Called Strike
0-1: Called Strike
0-2: Ground out 5-3 (Groundball, 56, EV 84.4 MPH)
Bottom of the 4th over - 7 runs, 2 hits, 0 errors, 0 left on base; Colorado (EL) 0 - Mobile 8
TOP OF THE 5TH
Colorado (EL) Rockies batting - Pitching for Mobile BayBears : LHP Antoine Champagne
Batting: RHB Maurice Moore 0-0: Ball
1-0: Fly out, F8 (Flyball, 8RM, EV 86.2 MPH)
Batting: LHB Paul McClintock 0-0: Called Strike
0-1: Swinging Strike
0-2: Ball
1-2: Fly out, F7 (Flyball, 7D, EV 84.4 MPH)
Batting: RHB John Corfield 0-0: Foul Ball, location: 2F
0-1: Called Strike
0-2: Ball
1-2: Foul Ball, location: 2F
1-2: DOUBLE (Flyball, 8RXD, EV 105.6 MPH)
Batting: RHB Bobby Bowman 0-0: Ground out 6-3 (Groundball, 6, EV 81.2 MPH)
Top of the 5th over - 0 runs, 1 hit, 0 errors, 1 left on base; Colorado (EL) 0 - Mobile 8
BOTTOM OF THE 5TH
Mobile BayBears batting - Pitching for Colorado (EL) Rockies : LHP Jared Lummus
Batting: SHB Ken Welch 0-0: Ball
1-0: Called Strike
1-1: Called Strike
1-2: Strikes out swinging
Batting: SHB Rich Muniz 0-0: Called Strike
0-1: Ball
1-1: Fly out, F8 (Flyball, 89M, EV 82.5 MPH)
Batting: RHB Dave Glenn 0-0: Called Strike
0-1: Ground out 5-3 (Groundball, 5, EV 88.1 MPH)
Bottom of the 5th over - 0 runs, 0 hits, 0 errors, 0 left on base; Colorado (EL) 0 - Mobile 8
TOP OF THE 6TH
Colorado (EL) Rockies batting - Pitching for Mobile BayBears : LHP Antoine Champagne
Batting: LHB Daniel Green 0-0: Called Strike
0-1: Fly out, F8 (Flyball, 8LXD, EV 109.4 MPH)
Batting: LHB Jerry Santana 0-0: Ball
1-0: Called Strike
1-1: Swinging Strike
1-2: Ball
2-2: Foul Ball, location: 2F
2-2: SINGLE (Line Drive, 78S, EV 93.8 MPH)
Batting: SHB Bobby Santor 0-0: Ball
1-0: Swinging Strike
1-1: Called Strike
1-2: Ball
2-2: Ball
3-2: Foul Ball, location: 2F
3-2: Strikes out swinging
Batting: SHB Jamie Mims 0-0: Ball
1-0: Ball
2-0: SINGLE (Line Drive, 6D, EV 101.9 MPH)
Jerry Santana to second
Batting: RHB Ryan Rinaldi 0-0: Ball
1-0: Ball
2-0: Called Strike
2-1: Ground out 1-3 (Groundball, 13S, EV 66.2 MPH)
Top of the 6th over - 0 runs, 2 hits, 0 errors, 2 left on base; Colorado (EL) 0 - Mobile 8
BOTTOM OF THE 6TH
Mobile BayBears batting - Pitching for Colorado (EL) Rockies : LHP Jared Lummus
Batting: SHB Reagan Dudley 0-0: Ground out 5-3 (Groundball, 56, EV 84.4 MPH)
Batting: RHB Sean Tanner 0-0: Called Strike
0-1: Ball
1-1: Swinging Strike
1-2: Ball
2-2: Foul Ball, location: 2F
2-2: Ball
3-2: Foul Ball, location: 2F
3-2: Foul Ball, location: 2F
3-2: Base on Balls
Batting: RHB Carlos Ballesteros 0-0: SINGLE (Groundball, 6MD, EV 103.8 MPH)
Sean Tanner to second
Batting: RHB Francisco Gutierrez 0-0: Fielders Choice at 2nd, 4-6 (Groundball, 4M, EV 84.4 MPH)
Sean Tanner to third
Batting: LHB Yao-pang Tien 0-0: Called Strike
0-1: Ball
1-1: Ball
2-1: Foul Ball, location: 2F
2-2: Ball
3-2: Fly out, F9 (Flyball, 9D, EV 83.8 MPH)
Bottom of the 6th over - 0 runs, 1 hit, 0 errors, 2 left on base; Colorado (EL) 0 - Mobile 8
TOP OF THE 7TH
Colorado (EL) Rockies batting - Pitching for Mobile BayBears : LHP Antoine Champagne
Batting: RHB Maurice Moore 0-0: Ball
1-0: Foul Ball, location: 2F
1-1: Ball
2-1: Ground out 3-1 (Groundball, 34S, EV 86.2 MPH)
Batting: LHB Paul McClintock 0-0: Ball
1-0: Ball
2-0: Fly out, F7 (Line Drive, 78M, EV 91.9 MPH)
Batting: RHB John Corfield 0-0: Ball
1-0: Ball
2-0: Ground out 4-3 (Groundball, 4S, EV 84.4 MPH)
Top of the 7th over - 0 runs, 0 hits, 0 errors, 0 left on base; Colorado (EL) 0 - Mobile 8
BOTTOM OF THE 7TH
Mobile BayBears batting - Pitching for Colorado (EL) Rockies : LHP Jared Lummus
Batting: RHB Seth Tramontano 0-0: Ball
1-0: Ground out 5-3 (Groundball, 5L, EV 90.6 MPH)
Batting: SHB Ken Welch 0-0: Swinging Strike
0-1: Ball
1-1: Foul Ball, location: 2F
1-2: Ground out 3-1 (Groundball, 34, EV 81.9 MPH)
Batting: SHB Rich Muniz 0-0: Ball
1-0: Ball
2-0: Ball
3-0: Base on Balls
Batting: RHB Dave Glenn 0-0: Swinging Strike
0-1: Ball
1-1: Foul Ball, location: 2F
1-2: Strikes out looking
Bottom of the 7th over - 0 runs, 0 hits, 0 errors, 1 left on base; Colorado (EL) 0 - Mobile 8
TOP OF THE 8TH
Colorado (EL) Rockies batting - Pitching for Mobile BayBears : LHP Antoine Champagne
Batting: RHB Bobby Bowman 0-0: Ball
1-0: Swinging Strike
1-1: Ball
2-1: Ball
3-1: Foul Ball, location: 2F
3-2: Foul Ball, location: 2F
3-2: Ground out 6-3 (Groundball, 6S, EV 91.9 MPH)
Batting: LHB Daniel Green 0-0: Swinging Strike
0-1: Foul Ball, location: 2F
0-2: Ball
1-2: Ball
2-2: Strikes out looking
Batting: LHB Jerry Santana 0-0: Ball
1-0: Ball
2-0: Fly out, F9 (Flyball, BS6, EV 103.1 MPH)
Top of the 8th over - 0 runs, 0 hits, 0 errors, 0 left on base; Colorado (EL) 0 - Mobile 8
BOTTOM OF THE 8TH
Mobile BayBears batting - Pitching for Colorado (EL) Rockies : LHP Jared Lummus
Batting: SHB Reagan Dudley 0-0: Called Strike
0-1: Ground out 6-3 (Groundball, 6, EV 86.2 MPH)
Pitching: RHP Dane Long
Batting: RHB Sean Tanner 0-0: Swinging Strike
0-1: Swinging Strike
0-2: Strikes out swinging
Batting: RHB Carlos Ballesteros 0-0: SINGLE (Groundball, 5S, EV 74.4 MPH) (infield hit)
Pinch Hitting: RHB Steve Machol 0-0: Ball
1-0: Ball
2-0: Ball
3-0: Called Strike
3-1: SINGLE (Flyball, 8RS, EV 86.2 MPH)
Carlos Ballesteros to second
Batting: LHB Yao-pang Tien 0-0: Ball
1-0: Ball
2-0: Foul Ball, location: 2F
2-1: SINGLE (Line Drive, 3D, EV 94.4 MPH)
Carlos Ballesteros to third
Steve Machol to second
Runner from 3rd tries for Home, SAFE, throw by RF to home
Now in RF: Seisaburo Edagawa
Batting: RHB Seth Tramontano 0-0: Called Strike
0-1: Fly out, F9 (Flyball, 9, EV 80.0 MPH)
Bottom of the 8th over - 1 run, 3 hits, 0 errors, 2 left on base; Colorado (EL) 0 - Mobile 9
TOP OF THE 9TH
Colorado (EL) Rockies batting - Pitching for Mobile BayBears : LHP Antoine Champagne
Pitching: LHP David Legg
Now in LF: Steve Machol
Now in CF: Rich Muniz
Pinch Hitting: RHB Wali Mulogo 0-0: Swinging Strike
0-1: Swinging Strike
0-2: Strikes out looking
Batting: SHB Jamie Mims 0-0: SINGLE (Line Drive, 6MD, EV 96.9 MPH)
Batting: RHB Ryan Rinaldi 0-0: Ball
Wild Pitch!
Jamie Mims to second
1-0: Ball
2-0: Ball
3-0: Called Strike
3-1: Base on Balls
Batting: RHB Maurice Moore 0-0: Ball
Passed Ball!
Jamie Mims to third
Ryan Rinaldi to second
1-0: Called Strike
1-1: Ball
2-1: Fly out, F3 (Popup, 3SF, EV 79.4 MPH)
Pinch Hitting: RHB Chris Tatum 0-0: Foul Ball, location: 2F
0-1: Foul Ball, location: 2F
0-2: Strikes out swinging
Top of the 9th over - 0 runs, 1 hit, 0 errors, 2 left on base; Colorado (EL) 0 - Mobile 9
Sunday, July 16th , 2023 - OOTP Baseball 24.6 Build 69